 Dungeon Crawl Stone Soup version 0.29-a0-322-g68df515428 (webtiles) character file.

Game seed: 13422266600584098083

93 greenreed the Vexing (level 4, -4/34 HPs)
             Began as a Gnoll Arcane Marksman on Apr 8, 2022.
             Killed by nerve-wracking pain
             ... invoked by an orc priest
              (13 damage)
             ... on level 2 of the Dungeon.
             The game lasted 00:04:33 (2436 turns).

greenreed the Vexing (Gnoll Arcane Marksman)        Turns: 2436, Time: 00:04:33

Health: -4/34      AC:  6    Str:  9    XL:     4   Next: 61%
Magic:  8/8        EV: 13    Int: 21    God:
Gold:   112        SH:  0    Dex: 12    Spells: 8/9 levels left

rFire   . . .      SeeInvis .   a - +0 hand crossbow
rCold   . . .      Faith    .   (no shield)
rNeg    . . .      Spirit   .   b - +0 robe
rPois   .          Reflect  .   (no helmet)
rElec   .          Harm     .   (no cloak)
rCorr   .          Rampage  .   (no gloves)
Will    .....                   (no boots)
Stlth   ++........              (no amulet)
HPRegen 0.11/turn               m - +6 ring of intelligence
MPRegen 0.11/turn               o - +4 ring of protection

@: no status effects
A: fangs 1, strong nose, distributed training
a: no special abilities


You were on level 2 of the Dungeon.
You visited 1 branch of the dungeon, and saw 3 of its levels.

You collected 112 gold pieces.

Inventory:

Hand Weapons
 a - a +0 hand crossbow (weapon)
Armour
 b - a +0 robe (worn)
Jewellery
 m - a +6 ring of intelligence (left hand)
 o - a +4 ring of protection (right hand)
Scrolls
 c - a scroll of vulnerability
 d - 4 scrolls of teleportation {unknown}
 f - 2 scrolls of identify {unknown}
 i - a scroll of noise {unknown}
 j - a scroll of brand weapon {unknown}
 k - a scroll of blinking {unknown}
 l - a scroll of amnesia {unknown}
 n - 3 scrolls of torment {unknown}
Potions
 e - a potion of curing
 g - 3 potions of resistance {unknown}
 h - 2 potions of attraction {unknown}


   Skills:
 + Level 2.8 Fighting
 + Level 1.2 Short Blades
 + Level 1.2 Long Blades
 + Level 1.2 Axes
 + Level 1.2 Maces & Flails
 + Level 1.2 Polearms
 + Level 1.2 Staves
 + Level 1.2 Slings
 + Level 1.2 Bows
 + Level 4.6 Crossbows
 + Level 1.2 Throwing
 + Level 1.2 Armour
 + Level 4.6 Dodging
 + Level 1.2 Stealth
 + Level 1.2 Shields
 + Level 1.2 Unarmed Combat
 + Level 3.0 Spellcasting
 + Level 1.0 Conjurations
 + Level 5.5 Hexes
 + Level 1.0 Summonings
 + Level 1.0 Necromancy
 + Level 1.0 Translocations
 + Level 1.0 Transmutations
 + Level 1.0 Fire Magic
 + Level 1.0 Ice Magic
 + Level 1.0 Air Magic
 + Level 1.0 Earth Magic
 + Level 1.0 Poison Magic
 + Level 1.3 Invocations
 + Level 1.2 Evocations


You had 8 spell levels left.
You knew the following spells:

 Your Spells              Type           Power      Damage    Failure   Level
a - Slow                  Hex            100%       N/A       1%          1

Your spell library contained the following spells:

 Spells                   Type           Power      Damage    Failure   Level
 Inner Flame              Hex/Fire       16%        N/A       11%         3
 Portal Projectile        Hex/Tloc       32%        N/A       11%         3
 Cause Fear               Hex            13%        N/A       14%         4


Dungeon Overview and Level Annotations

Branches:
Dungeon (3/15)

Altars:


Innate Abilities, Weirdness & Mutations

You have very sharp teeth.
Your uncanny sense of smell can sniff out nearby items.
Your experience applies equally to all skills.


Message History

Beogh smites you!
* * * LOW HITPOINT WARNING * * *
Shoot: a) +0 hand crossbow
Press: ? - help, Q - select action, (/) - cycle Shift-Dir - straight line, f/p - orc priest
Aim: an orc priest, wielding a +0 whip and wearing a +0 chain mail (heavily wounded, slow, 69% to hit)
Okay, then.
You feel better. The orc priest barely misses you.
Shoot: a) +0 hand crossbow
Press: ? - help, Q - select action, (/) - cycle Shift-Dir - straight line, f/p - orc priest
Aim: an orc priest, wielding a +0 whip and wearing a +0 chain mail (heavily wounded, slow, 69% to hit)
You shoot a bolt.
The bolt hits the orc priest but does no damage.
The orc priest is heavily wounded.
The orc priest barely misses you.
Shoot: a) +0 hand crossbow
Press: ? - help, Q - select action, (/) - cycle Shift-Dir - straight line, f/p - orc priest
Aim: an orc priest, wielding a +0 whip and wearing a +0 chain mail (heavily wounded, slow, 69% to hit)
You shoot a bolt.
The bolt hits the orc priest but does no damage.
The orc priest is heavily wounded.
Shoot: a) +0 hand crossbow
Press: ? - help, Q - select action, (/) - cycle Shift-Dir - straight line, f/p - orc priest
Aim: an orc priest, wielding a +0 whip and wearing a +0 chain mail (heavily wounded, slow, 69% to hit)
You shoot a bolt.
The bolt hits the orc priest but does no damage.
The orc priest is heavily wounded.
The orc priest hits you but does no damage.
Shoot: a) +0 hand crossbow
Press: ? - help, Q - select action, (/) - cycle Shift-Dir - straight line, f/p - orc priest
Aim: an orc priest, wielding a +0 whip and wearing a +0 chain mail (heavily wounded, slow, 69% to hit)
You shoot a bolt. The bolt barely misses the orc priest.
The orc priest barely misses you.
Shoot: a) +0 hand crossbow
Press: ? - help, Q - select action, (/) - cycle Shift-Dir - straight line, f/p - orc priest
Aim: an orc priest, wielding a +0 whip and wearing a +0 chain mail (heavily wounded, slow, 69% to hit)
You shoot a bolt. The bolt hits the orc priest.
The orc priest is severely wounded.
The orc priest invokes the aid of Beogh against you.
Pain shoots through your body!
You die...

#.# #.#...#####.....# #..... #.#
#.#......##.###.########### #.#
#......#.#.....<.........##
#.#######....#.#.............#.##
#.....# ####.#.#.................
#.....######.#.#.............#.##
'............#...............#>#
#..............o.)..........##.#
................@†.............#
#..............)......##########
#............^........#
#...........##........#
#...........##........#
###.##......##........#
#.##......##........#
#.##......##........#####
#.##....................#


You could see an orc priest (slow).

Vanquished Creatures
  A gnoll (D:3)
  2 adders
  2 dart slugs
  4 orcs
  3 bats
  2 endoplasms
  3 giant cockroaches
  4 goblins
  8 hobgoblins
  2 jackals (D:3)
  5 kobolds
  4 quokkas
  6 ball pythons
  2 frilled lizards (D:1)
  4 rats
52 creatures vanquished.

Notes
Turn   | Place    | Note
-------+----------+-------------------------------------------
     0 | D:1      | greenreed the Gnoll Arcane Marksman began the quest for the
                  | Orb.
     0 | D:1      | Reached XP level 1. HP: 17/17 MP: 4/4
     5 | D:1      | Found a faded altar of an unknown god.
   229 | D:1      | Reached XP level 2. HP: 23/23 MP: 5/5
   720 | D:1      | Reached XP level 3. HP: 28/28 MP: 7/7
   955 | D:2      | Reached skill level 1 in Invocations
  1466 | D:2      | Reached skill level 1 in Short Blades
  1466 | D:2      | Reached skill level 1 in Long Blades
  1466 | D:2      | Reached skill level 1 in Axes
  1466 | D:2      | Reached skill level 1 in Maces & Flails
  1466 | D:2      | Reached skill level 1 in Polearms
  1466 | D:2      | Reached skill level 1 in Staves
  1466 | D:2      | Reached skill level 1 in Slings
  1466 | D:2      | Reached skill level 1 in Bows
  1466 | D:2      | Reached skill level 1 in Throwing
  1466 | D:2      | Reached skill level 1 in Armour
  1466 | D:2      | Reached skill level 1 in Stealth
  1466 | D:2      | Reached skill level 1 in Shields
  1466 | D:2      | Reached skill level 1 in Unarmed Combat
  1466 | D:2      | Reached skill level 1 in Evocations
  1662 | D:3      | Reached XP level 4. HP: 14/34 MP: 3/8
  2267 | D:2      | Reached skill level 1 in Conjurations
  2267 | D:2      | Reached skill level 1 in Summonings
  2267 | D:2      | Reached skill level 1 in Necromancy
  2267 | D:2      | Reached skill level 1 in Translocations
  2267 | D:2      | Reached skill level 1 in Transmutations
  2267 | D:2      | Reached skill level 1 in Fire Magic
  2267 | D:2      | Reached skill level 1 in Ice Magic
  2267 | D:2      | Reached skill level 1 in Air Magic
  2267 | D:2      | Reached skill level 1 in Earth Magic
  2267 | D:2      | Reached skill level 1 in Poison Magic
  2436 | D:2      | Killed from afar by an orc priest

Illustrated notes

Levels and vault maps discovered:
D:1:      wander_arrival_desolate, layout_loops_corners,
          shapermc_ecumenical_altar_ellora, corexii_corridor_pit, moated_statue,
          st_stairs_11
D:2:      layout_basic
D:3:      layout_rooms, roderic_nine_men_s_morris

Skill      XL: |  1  2  3  4 |
---------------+-------------+-----
Invocations    | 1 |  1.3
Short Blades   | 1 |  1.2
Long Blades    | 1 |  1.2
Axes           | 1 |  1.2
Maces & Flails | 1 |  1.2
Polearms       | 1 |  1.2
Staves         | 1 |  1.2
Slings         | 1 |  1.2
Bows           | 1 |  1.2
Throwing       | 1 |  1.2
Armour         | 1 |  1.2
Stealth        | 1 |  1.2
Shields        | 1 |  1.2
Unarmed Combat | 1 |  1.2
Evocations     | 1 |  1.2
Spellcasting   | 3 |  3.0
Conjurations   | 1 |  1.0
Summonings     | 1 |  1.0
Necromancy     | 1 |  1.0
Translocations | 1 |  1.0
Transmutations | 1 |  1.0
Fire Magic     | 1 |  1.0
Ice Magic      | 1 |  1.0
Air Magic      | 1 |  1.0
Earth Magic    | 1 |  1.0
Poison Magic   | 1 |  1.0
Fighting       | |  2.8
Crossbows      | |  4.6
Dodging        | |  4.6
Hexes          | |  5.5

Action                   |  1- 3 |  4- 6 || total
-------------------------+-------+-------++-------
 Fire: Hand crossbow     |   110 |    80 ||   190
 Cast: Slow              |     4 |     3 ||     7
  Use: Potion            |       |     2 ||     2
Armor: Robe              |     9 |    13 ||    22
Dodge: Dodged            |    50 |    36 ||    86

Table legend: (Time is in decaauts)
 A = Elapsed time spent in this place.
 B = Non-inter-level travel time spent in this place.
 C = Inter-level travel time spent in this place.
 D = Time resting spent in this place.
 E = Time spent auto-exploring this place.
 F = Levels seen in this place.
 G = Mean time per level.
                   A        B        C        D        E       F      G
               +--------+--------+--------+--------+--------+-----+--------+
         Total |   2493 |   2437 |     56 |    588 |   1455 |   3 |  831.0 |
       Dungeon |   2493 |   2437 |     56 |    588 |   1455 |   3 |  831.0 |
               +--------+--------+--------+--------+--------+-----+--------+

Top non-repeatable levels by time:
     D:2: 1505 daAuts
     D:1: 859 daAuts
     D:3: 127 daAuts
